 Dungeon Crawl Stone Soup version 0.18.1-5-g4a78601 (webtiles) character file.

74 jacquesderrida the Poker (level 4, 0/33 HPs)
             Began as a Demonspawn Skald on May 14, 2016.
             Slain by an orc wizard
             ... wielding a +0 dagger
              (1 damage)
             ... on level 3 of the Dungeon.
             The game lasted 00:04:35 (859 turns).

jacquesderrida the Poker (Demonspawn Skald)          Turns: 859, Time: 00:04:36

Health: 0/33       AC:  3    Str: 12 (13) XL:     4   Next: 9%
Magic:  4/7        EV: 16    Int: 12 (13) God:
Gold:   43         SH:  0    Dex: 18 (20) Spells: 3 memorised, 0 levels left

rFire  . . .     SeeInvis .     a - +0 spear
rCold  + . .     Gourm    .     b - +0 leather armour
rNeg   . . .     Faith    .     (no shield)
rPois  .         Spirit   .     (no helmet)
rElec  .         Dismiss  .     (no cloak)
rCorr  .         Reflect  .     (no gloves)
SustAt .         Harm     .     (no boots)
MR     .....                    (no amulet)
Stlth  +++.......               (no ring)
                                (no ring)

@: agile, infused, not resistant to hostile enchantments, fairly stealthy
A: thin metallic scales 1, agile 1, cold resistance 1, deformed body,
nightstalker 1, powered by death 1
a: no special abilities


You were on level 3 of the Dungeon.
You were hungry.

You visited 1 branch of the dungeon, and saw 3 of its levels.

You collected 43 gold pieces.

Inventory:

Hand Weapons
 a - a +0 spear (weapon)
Armour
 b - a +0 leather armour (worn)
Scrolls
 e - 4 scrolls of identify {unknown}
 f - a scroll of blinking {unknown}
 h - a scroll of teleportation {unknown}
 j - a scroll of remove curse {unknown}
 m - a scroll of recharging {unknown}
Books
 c - a book of Battle

   Spells                             Type                      Level
   a - Infusion                       Charms                       1
   b - Shroud of Golubria             Charms/Translocation         2
   c - Song of Slaying                Charms                       2
   d - Spectral Weapon                Hexes/Charms                 3
   e - Regeneration                   Charms/Necromancy            3
Comestibles
 d - 2 bread rations
 g - a beef jerky
 i - 2 chunks of flesh


   Skills:
 - Level 2.0 Fighting
 + Level 3.6 Polearms
 - Level 0.8 Armour
 - Level 0.8 Dodging
 - Level 2.0 Spellcasting
 + Level 1.4 Hexes
 - Level 2.6 Charms


You couldn't memorise any spells.
You knew the following spells:

 Your Spells              Type           Power        Failure   Level  Hunger
a - Infusion              Chrm           #...         14%         1    ##.....
b - Spectral Weapon       Hex/Chrm       #.......     45%         3    ####...
r - Regeneration          Chrm/Necr      #.........   71%         3    ####...


Dungeon Overview and Level Annotations

Branches:
Dungeon (3/15)

Altars:

Annotations:
D:3 Grinder


Innate Abilities, Weirdness & Mutations

You are partially covered in thin metallic scales (AC +2).
You are slightly more attuned to the shadows.
You regenerate a little health from kills.
You are agile. (Dex +2)
Your flesh is cold resistant.
Armour fits poorly on your strangely shaped body.


Message History

You hit something but do no damage. Something hits you.
* * * LOW HITPOINT WARNING * * *
Unknown command.
Drink which item? (? for menu, Esc to quit)
It was a potion of curing.
You feel better.
You hear some strange, mumbled words.
A magic dart appears from out of thin air!
The magic dart hits you!
* * * LOW HITPOINT WARNING * * *
Unknown command.
Drink which item? (? for menu, Esc to quit)
You feel agile all of a sudden. Something hits you.
* * * LOW HITPOINT WARNING * * *
You barely miss something. You miss something. Something hits you.
* * * LOW HITPOINT WARNING * * *
You closely miss something. Something barely misses you.
You closely miss something. Something hits you.
You die...

#.#..b #.# #..... ### #.#
.......##.# ######.#######
...... .... ..oo..o.......
#...#####.########.#######
# [.........).........# #
######.######o#.#### # ...
#.# #{#.# # #.# #.# #@#.#
# #.# #.# #.#.# #.# #.#
#.#.# #####.###.# #.#.#
..........# #.#
#####.##### #.# #.######
#.# #....... ..# #.######


You could see an orc.

Vanquished Creatures
  4 adders
  A worm (D:2)
  A dart slug (D:2)
  A giant gecko (D:2)
  3 orcs (D:3)
  2 giant cockroaches
  A goblin (D:1)
  3 hobgoblins
  4 jackals (D:1)
  4 kobolds
  A bat (D:1)
  A giant newt (D:3)
  3 rats
29 creatures vanquished.

Notes
Turn   | Place    | Note
--------------------------------------------------------------
     0 | D:1      | jacquesderrida the Demonspawn Skald began the quest for the Orb.
     0 | D:1      | Reached XP level 1. HP: 16/16 MP: 3/3
    29 | D:1      | Reached skill level 2 in Polearms
   170 | D:1      | Gained mutation: You regenerate a little health from kills. [demonic ancestry]
   170 | D:1      | Reached XP level 2. HP: 8/22 MP: 5/5
   244 | D:1      | Gained mutation: Armour fits poorly on your strangely shaped body. [potion of mutation]
   244 | D:1      | Gained mutation: Your flesh is cold resistant. [potion of mutation]
   244 | D:1      | Gained mutation: You are agile. (Dex +2) [potion of mutation]
   427 | D:2      | Reached skill level 3 in Polearms
   429 | D:2      | Gained mutation: You are slightly more attuned to the shadows. [demonic ancestry]
   429 | D:2      | Reached XP level 3. HP: 18/27 MP: 0/6
   506 | D:2      | Learned a level 3 spell: Spectral Weapon
   595 | D:2      | Reached skill level 1 in Hexes
   701 | D:3      | Noticed Grinder
   745 | D:3      | Gained mutation: You are partially covered in thin metallic scales (AC +2). [demonic ancestry]
   745 | D:3      | Reached XP level 4. HP: 10/33 MP: 0/7
   771 | D:3      | Learned a level 3 spell: Regeneration
   857 | D:3      | HP: 1/33 [something (1)]
   859 | D:3      | Slain by an orc wizard

Skill      XL: |  1  2  3 |
---------------+----------+-----
Polearms       | 2 3 |  3.6
Hexes          | 1 |  1.4
Fighting       | |  2.0
Armour         | |  0.8
Dodging        | |  0.8
Spellcasting   | |  2.0
Charms         | |  2.6

Action                   |  1- 3 |  4- 6 || total
-------------------------+-------+-------++-------
Melee: Spear             |   133 |    29 ||   162
 Cast: Infusion          |     7 |     2 ||     9
       Spectral Weapon   |       |     1 ||     1
  Use: Potion            |     3 |     2 ||     5
 Stab: Sleeping          |     4 |       ||     4
Armor: Leather armour    |    15 |     5 ||    20
Dodge: Dodged            |    59 |     3 ||    62
